 Dungeon Crawl Stone Soup version 0.29-a0-676-ga64570c9d2 (webtiles) character file.

Game seed: 15807405982639954806

62 wilfster70 the Magician (level 4, -3/31 HPs)
             Began as a Djinni Fire Elementalist on June 24, 2022.
             Killed by divine providence
             ... invoked by an orc priest
              (14 damage)
             ... on level 3 of the Dungeon.
             The game lasted 00:07:33 (2836 turns).

wilfster70 the Magician (Djinni Fire Elementalist)  Turns: 2836, Time: 00:07:34

Health: -3/31      AC:  2    Str:  7    XL:     4   Next: 28%
Gold:   82         EV: 12    Int: 19    God:
                   SH:  0    Dex: 13

rFire   + + .      SeeInvis .   b - +1 hunting sling
rCold   x . .      Faith    .   (no shield)
rNeg    . . .      Spirit   .   e - +0 robe
rPois   ∞          Reflect  .   (no helmet)
rElec   .          Harm     .   (no cloak)
rCorr   .          Rampage  .   (no gloves)
Will    .....                   (boots unavailable)
Stlth   ++........              (no amulet)
HPRegen 0.10/turn               (no ring)
MPRegen 0.00/turn               (no ring)

@: flying
A: sickness immunity, fire resistance 2, cold vulnerability 1, float, innate
caster, HP casting, extra vitality 1
a: no special abilities


You were on level 3 of the Dungeon.
You visited 1 branch of the dungeon, and saw 3 of its levels.

You collected 82 gold pieces.

Inventory:

Hand Weapons
 a - a +0 dagger
 b - a +1 hunting sling (weapon)
Armour
 e - a +0 robe (worn)
Scrolls
 f - a scroll of teleportation
 i - a scroll of torment {unknown}
Potions
 d - a potion of curing {unknown}
 g - a potion of heal wounds {unknown}
 h - 3 potions of attraction {unknown}


   Skills:
 - Level 2.1 Dodging
 - Level 1.5 Stealth
 + Level 3.8 Spellcasting


You couldn't memorise any spells.
You knew the following spells:

 Your Spells              Type           Power      Damage    Failure   Level
a - Foxfire               Conj/Fire      72%        2x1d7     3%          1
b - Scorch                Fire           36%        2d6       4%          2
c - Conjure Flame         Conj/Fire      18%        6-21      9%          3
d - Inner Flame           Hex/Fire       18%        N/A       9%          3
e - Flame Wave            Conj/Fire      18%        2d6       28%         4
f - Sting                 Tmut/Pois      72%        1d6       3%          1
Your spell library was empty.

Dungeon Overview and Level Annotations

Branches:
Dungeon (3/15)

Altars:

Annotations:
D:2 Terence


Innate Abilities, Weirdness & Mutations

You are immune to sickness and miasma.
You are immune to poison.
Your flesh is very heat resistant. (rF++)
You are vulnerable to cold. (rC-)
You float through the air rather than walking.
You learn spells naturally, not from books.
Your magical power is your life essence.
You have superior vitality. (+4 MHP)


Message History

A bat comes into view.
The bat closely misses you.
Found 7 stones.
The bat hits you but does no damage.
You shoot a sling bullet.
The sling bullet closely misses the bat.
The bat misses you.
You shoot a sling bullet. The sling bullet hits the bat.
You kill the bat!
No target in view!
You see here 7 stones.
You shoot a sling bullet. The orc priest shouts!
The sling bullet hits the orc priest.
The orc priest is moderately wounded.
The orc priest invokes the aid of Beogh against you.
Pain shoots through your body!
An orc comes into view. It is wielding a +0 short sword.
The orc shouts!
The orc hits you with a +0 short sword. The orc hits you with a +0 short sword.
Casting: Scorch (safe; 4% risk of failure)
Confirm with . or Enter, or press ? or * to list all spells.
Okay, then.
Unknown command.
Casting: Scorch (safe; 4% risk of failure)
Confirm with . or Enter, or press ? or * to list all spells.
The spell is extremely dangerous to miscast (30% risk of failure)!
Continue anyway?
Casting: Flame Wave (extremely dangerous; 30% risk of failure)
Press: ? - help, Dir - look around, f - activate A wave of flame ripples out!
The flame wave engulfs the orc!
You kill the orc! (Press . to intensify the flame waves.)
Casting: Flame Wave (extremely dangerous; 28% risk of failure)
Confirm with . or Enter, or press ? or * to list all spells.
Flames lash the orc priest.
The orc priest is heavily wounded.
The orc priest's fire resistance burns away.
The orc priest invokes the aid of Beogh against you.
Beogh smites you!
You die...

#...#o.#### #..#
#....).o)<#####..######
#...#.###÷.........<...
#. #. #####...######.
#. #..##### ## ###.###
###......#
#.....###.o.####.#
#.....##..### #.###
#...@)##.## #...##
#.....o..# ###...
#......### ####
#.....## # #.....#
#.....# #######


You could see an orc priest (combustible).

Vanquished Creatures
  4 orcs
  8 bats
  5 endoplasms
  A giant cockroach (D:2)
  2 goblins
  5 hobgoblins
  14 jackals
  2 frilled lizards
  5 kobolds
  2 rats (D:2)
48 creatures vanquished.

Vanquished Creatures (others)
  38 foxfires
38 creatures vanquished.

Grand Total: 86 creatures vanquished

Notes
Turn   | Place    | Note
-------+----------+-------------------------------------------
     0 | D:1      | wilfster70 the Djinni Fire Elementalist began the quest for
                  | the Orb.
     0 | D:1      | wilfster70 set off with the following spells memorised:
                  | Foxfire, Scorch, Conjure Flame, Inner Flame, Flame Wave.
     0 | D:1      | Reached XP level 1. HP: 15/15 MP: 0/0
   288 | D:1      | Reached XP level 2. HP: 20/21 MP: 0/0
   430 | D:1      | Reached skill level 3 in Spellcasting
   787 | D:1      | Found a faded altar of an unknown god.
  1052 | D:2      | Reached XP level 3. HP: 23/25 MP: 0/0
  1052 | D:2      | Learned a level 1 spell: Sting
  1876 | D:2      | Reached XP level 4. HP: 14/31 MP: 0/0
  2252 | D:3      | Noticed Terence
  2836 | D:3      | Killed from afar by an orc priest

Illustrated notes

Levels and vault maps discovered:
D:1:      eino_arrival_tree_alley, layout_loops_cross,
          ebering_ecumenical_altar_rust
D:2:      layout_loops_ring, minmay_heptomino_h4
D:3:      layout_rooms, gammafunk_ghost_cemetery, kennysheep_small_spiral,
          uniq_terence, uniq_sigmund

Skill      XL: |  1  2 |
---------------+-------+-----
Spellcasting   | 3 |  3.8
Dodging        | |  2.1
Stealth        | |  1.5

Action                   |  1- 3 |  4- 6 || total
-------------------------+-------+-------++-------
Melee: Unarmed           |     1 |       ||     1
       Dagger            |       |     1 ||     1
 Fire: Hunting sling     |    43 |    23 ||    66
 Cast: Foxfire           |    24 |       ||    24
       Scorch            |    11 |     5 ||    16
       Sting             |     1 |       ||     1
       Conjure Flame     |       |     2 ||     2
       Flame Wave        |       |     1 ||     1
  Use: Scroll            |     5 |       ||     5
       Potion            |       |     1 ||     1
Armor: Robe              |    14 |     1 ||    15
Dodge: Dodged            |    48 |    15 ||    63

Table legend: (Time is in decaauts)
 A = Elapsed time spent in this place.
 B = Non-inter-level travel time spent in this place.
 C = Inter-level travel time spent in this place.
 D = Time resting spent in this place.
 E = Time spent auto-exploring this place.
 F = Levels seen in this place.
 G = Mean time per level.
                   A        B        C        D        E       F      G
               +--------+--------+--------+--------+--------+-----+--------+
         Total |   2868 |   2831 |     37 |   1132 |    924 |   3 |  956.0 |
       Dungeon |   2868 |   2831 |     37 |   1132 |    924 |   3 |  956.0 |
               +--------+--------+--------+--------+--------+-----+--------+

Top non-repeatable levels by time:
     D:2: 1526 daAuts
     D:1: 1001 daAuts
     D:3: 341 daAuts
